 Dungeon Crawl Stone Soup version 0.24-a0-537-g2d01d4ab0a (webtiles) character file.

Game seed: 4654964896637348289

44366 Gargoyl the Cleaver (level 13, -4/114 HPs)
             Began as a Centaur Abyssal Knight on Aug 11, 2019.
             Was a High Priest of Lugonu.
             Slain by a harpy (12 damage)
             ... summoned by Kirke
             ... on level 5 of the Lair of Beasts on Aug 12, 2019.
             The game lasted 00:42:52 (25881 turns).

Gargoyl the Cleaver (Centaur Abyssal Knight)       Turns: 25881, Time: 00:42:53

Health: -4/114     AC:  0    Str: 18    XL:     13   Next: 95%
Magic:  20/20      EV: 18    Int: 11    God:    Lugonu [*****.]
Gold:   1503       SH:  0    Dex: 11    Spells: 12/12 levels left

rFire    . . .     SeeInvis .   (weapon currently unavailable)
rCold    . . .     Gourm    .   (shield currently unavailable)
rNeg     . . .     Faith    .   (armour currently unavailable)
rPois    .         Spirit   .   (helmet currently unavailable)
rElec    .         Reflect  .   (cloak currently unavailable)
rCorr    .         Harm     .   (gloves currently unavailable)
MR       .....                  (no barding)
Stlth    +.........             (no amulet)
HPRegen  0.29/turn              (ring currently unavailable)
MPRegen  0.17/turn              (ring currently unavailable)

@: pig-form, very slightly contaminated, very quick
A: small, rugged brown scales 1, wild magic 1
a: Depart the Abyss, Bend Space, Banish, Corrupt, Enter the Abyss, Renounce
Religion


You were on level 5 of the Lair of Beasts.
You worshipped Lugonu.
Lugonu was extremely pleased with you.
You were not hungry.
You were a filthy swine.
You visited 2 branches of the dungeon, and saw 16 of its levels.
You visited the Abyss 1 time.
You also visited: Gauntlet and Volcano.

You collected 1542 gold pieces.
You spent 39 gold pieces at shops.

Inventory:

Hand Weapons
 h - a +5 broad axe of flaming (melded)
 A - the +2 trident "Doruxtu" {freeze, +Rage rPois Dex+4}
   (You took it off a minotaur in a Gauntlet)

   It has been specially enchanted to freeze those struck by it, causing extra
   injury to most foes and up to half again as much damage against particularly
   susceptible opponents.
   It can also slow down cold-blooded creatures.
   It affects your dexterity (+4).
   It protects you from poison.
   It lets you go berserk.
 J - a +1 broad axe of flaming
Missiles
 F - 15 javelins (quivered)
 G - 14 boomerangs
 I - 21 silver javelins
Armour
 d - the +7 chain mail of Lethargy (melded) {rCorr}
   (You found it on level 2 of the Abyss)

   It provides partial protection from all sources of acid and corrosion.
 j - a +3 centaur barding (melded)
 m - a +2 helmet of intelligence (melded)
 r - a +0 pair of gloves (melded)
 s - a +0 buckler (melded)
 x - a +3 chain mail of fire resistance
 K - a +0 cloak of fire resistance (melded)
 O - +2 swamp dragon scales
Jewellery
 a - a ring of protection from cold (melded)
 i - a ring of stealth (melded)
Wands
 p - a wand of paralysis (20)
 v - a wand of enslavement (3)
 w - a wand of acid (9)
 B - a wand of iceblast (15)
 L - a wand of digging (4)
 N - a wand of clouds (5)
 R - a wand of random effects (22)
Scrolls
 b - 6 scrolls of teleportation
 f - 2 scrolls of fog
 n - 6 scrolls of remove curse
 o - a scroll of holy word
 q - 4 scrolls of blinking
 y - a scroll of identify
 M - a scroll of torment {unknown}
Potions
 e - 5 potions of curing
 g - 3 potions of cancellation
 k - 2 potions of invisibility
 l - a potion of agility
 t - a potion of ambrosia
 u - a potion of might
 z - 2 potions of lignification
 C - 3 potions of heal wounds
 D - 2 potions of haste
 E - 2 potions of resistance
 P - 2 potions of brilliance
Miscellaneous
 H - a box of beasts
Comestibles
 c - 17 rations
 Q - 6 chunks of flesh


   Skills:
 + Level 9.0 Fighting
 + Level 12.3 Axes
 + Level 0.2 Throwing
 * Level 9.9 Armour
 * Level 7.3 Dodging
 + Level 3.2 Shields
 * Level 10.6 Invocations
 + Level 0.1 Evocations


You had 12 spell levels left.
You didn't know any spells.
Your spell library contained the following spells:

 Spells                   Type           Power        Failure   Level  Hunger
 Beastly Appendage        Tmut           #.....       43%         1    ##.....
 Infusion                 Chrm           #...         43%         1    ##.....
 Ensorcelled Hibernation  Hex/Ice        #.....       56%         2    ###....
 Song of Slaying          Chrm           #.......     56%         2    ###....
 Sticks to Snakes         Tmut           #.......     56%         2    ###....
 Swiftness                Chrm/Air       #.......     56%         2    ###....
 Confuse                  Hex            #.......     78%         3    ####...
 Dazzling Spray           Conj/Hex       #.....       78%         3    ####...
 Ozocubu's Armour         Chrm/Ice       #.......     78%         3    ####...
 Regeneration             Chrm/Necr      #.........   78%         3    ####...
 Spider Form              Tmut/Pois      #.........   78%         3    ####...
 Force Lance              Conj/Tloc      #.......     99%         4    #####..
 Fulminant Prism          Conj/Hex       #.........   99%         4    #####..
 Ice Form                 Ice/Tmut       #.......     99%         4    #####..
 Leda's Liquefaction      Hex/Erth       #.........   99%         4    #####..
 Sticky Flame             Conj/Fire      #.......     99%         4    #####..
 Blade Hands              Tmut           #.........   100%        5    ######.
 Iskenderun's Battlesphe  Conj/Chrm      #.......     100%        5    ######.
 Lightning Bolt           Conj/Air       #.........   100%        5    ######.
 Silence                  Hex/Air        #.........   100%        5    ######.
 Summon Mana Viper        Hex/Summ       #.......     100%        5    ######.
 Conjure Ball Lightning   Conj/Air       #.........   100%        6    #######
 Ring of Flames           Chrm/Fire      #.........   100%        7    #######


Dungeon Overview and Level Annotations

Branches:
Dungeon (10/15)            Temple (0/1) D:4            Lair (6/6) D:10
  Swamp (0/4) Lair:2       Spider (0/4) Lair:2          Orc (0/2) D:9
  Slime: Lair:5-6

Altars:
Ashenzari
Fedhas
Kikubaaqudgha
Makhleb
Qazlal
Ru
Sif Muna
Uskayaw
Vehumet
Wu Jian
Zin

Shops:
D:5 [   D:9 *

Annotations:
Lair:5 Kirke


Innate Abilities, Weirdness & Mutations

((You have hooves in place of feet.))
((Armour fits poorly on your strangely shaped body.))
((You cover ground very quickly.))
((You have extremely tough skin. (AC +3)))
(You are partially covered in rugged brown scales. (AC +1, +3% HP))
((You are covered in fur. (AC +1)))
Your spells are a little harder to cast, but a little more powerful.


Message History

You are very lightly contaminated with residual magic.
As you read the scroll of blinking, it crumbles to dust.
You open the lid... ...and a larval batsting beast flies out!
Your larval batsting beast hits the harpy!
The harpy dies!
The harpy's corpse disappears in a puff of smoke!
Your larval batsting beast hits the harpy.
Your larval batsting beast stings the harpy.
Your larval batsting beast hits the harpy!
Your larval batsting beast barely misses the harpy.
The hog bites your larval batsting beast but does no damage.
The harpy completely misses you. The harpy misses you.
There is a stone staircase leading up here.
The harpy claws you!
* * * LOW HITPOINT WARNING * * *
The harpy claws you!
* * * LOW HITPOINT WARNING * * *
The harpy claws you!
You die...

...
#.......÷.###.###.....# ##
. ####..+.### ### ##...#.#
# ###h..# #.P..## #
#.hH### ###...## ##
##.§#.## ##.###..###
#..#P..P..# #...P..#..#
#....§...#####..P......#
#.....HH###..#..P.......
.........h..##..#.........
.#........+..............#
##........#....+.......(+
#........##.##.......†.#
#........######.<.......
#.........# #.........
#.#....#.## ##..##.###
#..##### ####### ###


You could see 2 harpies, 2 hogs and a friendly larval batsting beast.

Vanquished Creatures
  A minotaur (Gauntlet)
  The ghost of Borugir the Cleaver, a journeyman FoFi of Hepliaklqana (Lair:4)
  A fire dragon (Volcano)
  2 hydras
  Fannar (Lair:3)
  Erica (D:7)
  Urug (D:10)
  7 death yaks
  2 hell hogs
  2 unseen horrors (D:10)
  6 oklob plants
  3 elephants (Lair:6)
  3 black mambas
  Joseph (D:8)
  A torpor snail (Lair:4)
  2 molten gargoyles (Volcano)
  7 spiny frogs
  A rime drake (Lair:4)
  10 komodo dragons
  An ice devil (Gauntlet)
  2 trolls
  2 polar bears
  A hornet (D:10)
  3 hippogriffs
  2 wraiths (D:10)
  A redback (Lair:2)
  Sigmund (D:6)
  8 spriggans
  14 fire bats
  A basilisk (Lair:5)
  16 yaks
  2 hogs (Lair:5)
  A wyvern (Lair:5)
  2 hungry ghosts
  Menkaure (D:4)
  2 soldier ants (D:10)
  Edmund (D:6)
  11 water moccasins
  4 hell hounds
  5 porcupines
  2 ice beasts
  A swamp drake (Lair:2)
  7 orc warriors
  2 sky beasts
  4 black bears
  2 necrophages (D:10)
  A hornet zombie (D:10)
  7 ogres
  24 wolves
  2 centaurs
  12 crocodiles
  A big kobold (D:9)
  3 wyvern zombies (D:10)
  Blork the orc (D:5)
  15 bullfrogs
  3 scorpions
  10 killer bees
  An electric eel (D:7)
  5 wights
  3 howler monkeys (D:10)
  4 lava snakes (Volcano)
  2 bullfrog zombies (D:10)
  3 crimson imps
  A centaur skeleton (D:7)
  A centaur zombie (D:6)
  2 quasits
  7 hounds
  9 orc priests
  3 bullfrog skeletons
  2 jellies
  A gnoll shaman (D:6)
  5 iguanas
  7 hell rats (Lair:2)
  8 worker ants
  14 orc wizards
  2 mummies (D:10)
  A hound skeleton (D:4)
  A worker ant zombie (D:10)
  2 howler monkey zombies
  Robin (D:3)
  10 adders
  10 gnolls
  2 shadow imps (D:8)
  2 white imps (Gauntlet)
  An ufetubus (Gauntlet)
  A worm (D:2)
  2 dart slugs
  2 leopard geckos
  49 orcs
  12 bats
  6 giant cockroaches
  14 goblins
  12 hobgoblins
  17 jackals
  12 kobolds
  5 quokkas
  A ball python (D:3)
  7 frilled lizards
  A jackal skeleton (D:7)
  2 leopard gecko skeletons
  2 quokka skeletons
  6 rats
  4 fungi
  8 plants
504 creatures vanquished.

Vanquished Creatures (collateral kills)
  A sixfirhy (Gauntlet)
  A fire bat (Gauntlet)
  3 ufetubi (Gauntlet)
5 creatures vanquished.

Vanquished Creatures (others)
  2 komodo dragons
  A hornet (D:10)
  A yak (Lair:6)
  A hell hound (Gauntlet)
  An orc warrior (D:7)
  An electric eel (D:7)
  An orc (D:6)
  A bush (Lair:5)
  17 fungi
  6 plants
32 creatures vanquished.

Grand Total: 541 creatures vanquished

Notes
Turn   | Place    | Note
-------+----------+-------------------------------------------
     0 | Abyss:1  | Gargoyl the Centaur Abyssal Knight began the quest for the
                  | Orb.
     0 | Abyss:1  | Reached XP level 1. HP: 19/19 MP: 2/2
    12 | Abyss:2  | Noticed a tentacled starspawn
    18 | Abyss:2  | Noticed an alligator zombie
    19 | Abyss:2  | Noticed a wretched star
    20 | Abyss:2  | Noticed an ancient zyme
    21 | Abyss:2  | Noticed an earth elemental
    21 | Abyss:2  | Noticed a soul eater
    21 | Abyss:2  | Noticed a tentacled monstrosity
    89 | Abyss:2  | Noticed an eye of draining
   115 | Abyss:2  | Got a warped chain mail
   116 | Abyss:2  | Noticed a raiju
   116 | D:1      | Escaped the Abyss
   127 | D:1      | Identified the +7 chain mail of Lethargy {rCorr} (You found
                  | it on level 2 of the Abyss)
   314 | D:1      | Reached XP level 2. HP: 26/26 MP: 3/3
   323 | D:1      | Reached * piety under Lugonu
   404 | D:1      | Reached skill level 2 in Axes
   404 | D:1      | Reached skill level 1 in Dodging
   834 | D:2      | Reached XP level 3. HP: 31/31 MP: 4/4
  1307 | D:2      | Reached XP level 4. HP: 38/38 MP: 5/5
  1786 | D:3      | Reached ** piety under Lugonu
  2042 | D:3      | Noticed Robin
  2061 | D:3      | Killed Robin
  2061 | D:3      | Reached XP level 5. HP: 21/45 MP: 7/7
  2271 | D:3      | Found an ancient bone altar of Kikubaaqudgha.
  2429 | D:4      | Reached skill level 3 in Axes
  2432 | D:4      | Found a blossoming altar of Fedhas.
  2495 | D:4      | Reached *** piety under Lugonu
  2495 | D:4      | Reached XP level 6. HP: 21/52 MP: 8/8
  2991 | D:4      | Found a shimmering blue altar of Sif Muna.
  3309 | D:4      | Noticed Menkaure
  3314 | D:4      | Killed Menkaure
  3314 | D:4      | Reached skill level 4 in Axes
  3314 | D:4      | Reached XP level 7. HP: 49/58 MP: 9/9
  3317 | D:4      | Found a staircase to the Ecumenical Temple.
  3427 | D:5      | Entered Level 5 of the Dungeon
  3810 | D:5      | You fall into a shaft and drop 1 floor!
  3811 | D:6      | Noticed Sigmund
  3828 | D:6      | Killed Sigmund
  3828 | D:6      | Reached XP level 8. HP: 63/66 MP: 11/11
  4098 | D:6      | Noticed Blork the orc
  4105 | D:5      | Found Nithi's Armour Boutique.
  4114 | D:5      | Killed Blork the orc
  4378 | D:5      | Reached skill level 5 in Axes
  4404 | D:5      | Got a translucent ring mail
  4424 | D:5      | Identified the +5 ring mail of Kindness {Int+4 Dex-5} (You
                  | found it on level 5 of the Dungeon)
  4725 | D:5      | Upgraded the game from 0.24-a0-536-gdd4cf15266 to
                  | 0.24-a0-537-g2d01d4ab0a
  5008 | D:5      | Reached **** piety under Lugonu
  5302 | D:6      | Reached skill level 1 in Shields
  5305 | D:6      | Reached skill level 5 in Armour
  5406 | D:6      | Gained mutation: You are covered in fur. (AC +1) [potion of
                  | mutation]
  5406 | D:6      | Gained mutation: You are partially covered in rugged brown
                  | scales. (AC +1, +3% HP) [potion of mutation]
  5406 | D:6      | Gained mutation: Your spells are a little harder to cast,
                  | but a little more powerful. [potion of mutation]
  5685 | D:6      | Found a radiant altar of Vehumet.
  5686 | D:6      | Found a burning altar of Makhleb.
  5878 | D:7      | Reached skill level 5 in Invocations
  5890 | D:7      | Reached XP level 9. HP: 59/74 MP: 12/12
  6027 | D:7      | Reached skill level 6 in Axes
  6238 | D:7      | Found a sacrificial altar of Ru.
  6238 | D:7      | Found a shattered altar of Ashenzari.
  6717 | D:6      | Noticed Edmund
  6733 | D:6      | Killed Edmund
  6935 | D:7      | Reached skill level 5 in Fighting
  8279 | D:7      | Found a glowing silver altar of Zin.
  8615 | D:8      | Noticed Joseph
  8629 | D:8      | Killed Joseph
  8745 | D:8      | Reached skill level 7 in Axes
  8907 | D:8      | Reached XP level 10. HP: 83/83 MP: 14/14
  9262 | D:8      | Noticed Erica
  9302 | D:7      | Killed Erica
 10721 | D:9      | Found Ajycs's General Store.
 10759 | D:9      | Bought a potion of curing for 39 gold pieces
 10777 | D:9      | Found an ornate altar of the Wu Jian Council.
 11475 | D:9      | Reached ***** piety under Lugonu
 11720 | D:9      | Found a hide-covered altar of Uskayaw.
 11839 | D:9      | Found a staircase to the Orcish Mines.
 12018 | D:10     | Entered Level 10 of the Dungeon
 12074 | D:10     | Noticed Urug
 12164 | D:10     | Killed Urug
 12164 | D:10     | Reached skill level 8 in Axes
 12312 | D:10     | Paralysed by a hornet for 2 turns
 12317 | D:10     | Paralysed by a hornet for 3 turns
 12329 | D:10     | Paralysed by a hornet for 1 turns
 12339 | D:10     | Reached XP level 11. HP: 28/93 MP: 16/16
 12652 | D:10     | Noticed an oklob plant
 12713 | D:10     | Identified a scroll of acquirement
 12805 | D:10     | Reached skill level 5 in Dodging
 13184 | D:10     | Killed an unseen horror
 13359 | D:10     | Found a stormy altar of Qazlal.
 13435 | D:10     | Reached skill level 9 in Axes
 13523 | D:10     | Killed an unseen horror
 13726 | D:10     | Found a staircase to the Lair.
 13726 | D:10     | Noticed an oklob plant
 13918 | D:10     | Killed an oklob plant
 13940 | D:10     | Killed an oklob plant
 14292 | Lair:1   | Entered Level 1 of the Lair of Beasts
 14364 | Lair:1   | Found a gate leading to a gauntlet.
 14373 | Gauntlet | Entered a Gauntlet
 14373 | Gauntlet | Found a transporter.
 14373 | Gauntlet | Found a transporter.
 14373 | Gauntlet | Found a transporter.
 14374 | Gauntlet | Found a transporter.
 14375 | Gauntlet | Found a transporter.
 14387 | Gauntlet | Found a transporter.
 14417 | Gauntlet | Noticed a sixfirhy
 14425 | Gauntlet | Noticed a soul eater
 14509 | Gauntlet | Noticed a hell hog
 14512 | Gauntlet | Found a transporter.
 14512 | Gauntlet | Found a transporter.
 14516 | Gauntlet | Killed a sixfirhy
 14528 | Gauntlet | Found a transporter.
 14528 | Gauntlet | Noticed a thrashing horror
 14537 | Gauntlet | Killed a hell hog
 14573 | Gauntlet | Noticed a thrashing horror
 14928 | Gauntlet | Identified the +2 trident "Doruxtu" {freeze, +Rage rPois
                  | Dex+4}
 14928 | Gauntlet | Noticed a minotaur
 14961 | Gauntlet | Killed a minotaur
 14961 | Gauntlet | Reached skill level 10 in Axes
 14961 | Gauntlet | Reached XP level 12. HP: 48/103 MP: 18/18
 15176 | Gauntlet | Identified the Incunabulum of Hedging
 15179 | Gauntlet | Identified the Disquisition on Augmentations
 15190 | Gauntlet | Identified the Handbook of Lucky Glamour
 15639 | Lair:1   | Noticed a seven-headed hydra
 15646 | Lair:1   | Killed a three-headed hydra
 16225 | Lair:2   | Found a staircase to the Swamp.
 16374 | Lair:2   | Found a hole to the Spider Nest.
 18362 | Lair:3   | Noticed Fannar
 18379 | Lair:3   | Killed Fannar
 18379 | Lair:3   | Reached skill level 11 in Axes
 18990 | Lair:3   | Noticed a death yak
 18990 | Lair:3   | Noticed a death yak
 18990 | Lair:3   | Noticed a death yak
 19017 | Lair:3   | Killed a death yak
 19024 | Lair:3   | Killed a death yak
 19024 | Lair:3   | Reached XP level 13. HP: 83/110 MP: 19/19
 19671 | Lair:4   | Found a dark tunnel.
 19704 | Volcano  | Entered a volcano
 20286 | Volcano  | Found a bloodstained altar of Trog.
 20315 | Volcano  | Reached ****** piety under Lugonu
 20663 | Volcano  | Noticed a fire dragon
 20675 | Volcano  | Killed a fire dragon
 22302 | Lair:4   | Identified Sif Muna's Disquisition on Air and Curses
 22416 | Lair:4   | Found a transporter.
 22420 | Lair:4   | Noticed Borugir's ghost (journeyman FoFi)
 22426 | Lair:4   | Noticed a dire elephant
 22577 | Lair:4   | Reached skill level 10 in Invocations
 22585 | Lair:4   | Reached skill level 12 in Axes
 22845 | Lair:4   | Found a transporter.
 23287 | Lair:4   | Killed Borugir's ghost
 25250 | Lair:5   | Noticed Kirke
 25435 | Lair:5   | You fall into a shaft and drop 1 floor!
 25435 | Lair:6   | Entered Level 6 of the Lair of Beasts
 25881 | Lair:5   | Slain by a harpy

Levels and vault maps discovered:
D:1:      minmay_arrival_arboretum_small, layout_rooms
D:2:      layout_rooms, serial_glass, glass_columns_a, glass_columns_b,
          glass_columns_c, glass_columns_a, glass_columns_a, glass_columns_a,
          glass_columns_b, glass_columns_b, glass_columns_b, glass_columns_b,
          glass_columns_a, glass_columns_b, glass_columns_a, glass_columns_a,
          st_stairs_13
D:3:      layout_basic, marbit_many_paths, uniq_robin
D:4:      layout_basic, lemuel_round_altar, kennysheep_mini_moat,
          minmay_temple_entry_statues_fountains, first_ration, uniq_menkaure
D:5:      corexii_shack_village, layout_basic, serial_shops, nicolae_shop_stone
D:6:      layout_cave_pools, grunt_temple_overflow_lords_of_destruction,
          uniq_blork_the_orc, uniq_sigmund, uniq_edmund
D:7:      layout_loops_ring, zin_statuary, gammafunk_temple_overflow_elements,
          lightli_minifort
D:8:      layout_basic, uniq_erica, uniq_joseph
D:9:      layout_cave_pools, overflow_temple_1_default, david_orc_4,
          basic_altar, serial_shops, shop
D:10:     layout_stronghold, dpeg_oklobed_lair, serial_undead, serial_undead_b,
          serial_undead_b, serial_undead_f, serial_undead_d, serial_undead_b,
          serial_undead_c, basic_altar, hangedman_pestilent_swarm, uniq_urug
Lair:1:   kb_forest_paths, layout_hall_layers, gauntlet_entry_generic
Lair:2:   layout_loops_ring, minmay_swamp_entry_reptiles, spider_nest_entry_a,
          grunt_forest_stairs_clearing
Lair:3:   layout_loops_ring, uniq_fannar
Lair:4:   layout_regular_city, nicolae_volcano_entry_batcave,
          gammafunk_ghost_arena, minmay_lair_oklob_chamber, serial_bayou_shore_a
Lair:5:   layout_roguey, uniq_kirke
Lair:6:   evilmike_catoblepas_cave, layout_misc_corridors,
          nicolae_slime_entry_slimehenge, serial_bayou_pond_a,
          minmay_lindwurm_lava

Skill      XL: |  1  2  3  4  5  6  7  8  9 10 11 12 13 |
---------------+----------------------------------------+-----
Axes           | 2 3 4 5 7 8 10 11 12 | 12.3
Dodging        | 1 2 3 4 5 6 7 |  7.3
Armour         | 2 3 4 5 6 7 8 9 |  9.9
Invocations    | 3 4 5 6 7 8 9 10 | 10.6
Fighting       | 4 5 6 7 8 9 |  9.0
Shields        | 1 2 3 |  3.2
Throwing       | |  0.2
Evocations     | |  0.1

Action                   |  1- 3 |  4- 6 |  7- 9 | 10-12 | 13-15 || total
-------------------------+-------+-------+-------+-------+-------++-------
Melee: Hand axe          |   120 |   164 |   623 |   402 |       ||  1309
       Kick              |    13 |    34 |   139 |   234 |   115 ||   535
       Broad axe         |       |       |       |   474 |   352 ||   826
       Unarmed           |       |       |       |       |     2 ||     2
Throw: Javelin           |       |       |       |     5 |     3 ||     8
Invok: Depart the Abyss  |     1 |       |       |       |       ||     1
       Banish            |       |       |     2 |     3 |     4 ||     9
Evoke: Wand              |       |       |     2 |       |       ||     2
       Box of beasts     |       |       |       |     1 |     2 ||     3
  Use: Scroll            |     1 |     3 |    12 |    14 |     8 ||    38
       Potion            |     1 |       |     2 |    14 |     1 ||    18
 Stab: Invisible         |       |       |       |     4 |       ||     4
  Eat: Chunk             |       |     2 |    15 |    29 |     5 ||    51
       Ration            |       |     1 |     3 |     3 |     5 ||    12
Armor: Chain mail        |   149 |   196 |   609 |   905 |   344 ||  2203
       Skin              |       |       |       |    12 |       ||    12
Dodge: Dodged            |    25 |    57 |   135 |   193 |   131 ||   541
Block: Buckler           |       |       |    90 |   167 |    79 ||   336

Table legend:
 A = Non-vault XP
 B = Vault XP
 C = Vault XP percentage of total XP
 D = Non-vault monster count
 E = Vault monster count
 F = Vault count percentage of total count
                 A         B        C        D         E       F
            +---------+---------+-------+---------+---------+-------
      Total |   37445 |   25936 |  40.9 |     362 |     141 |  28.0
            +---------+---------+-------+---------+---------+-------
        D:1 |      30 |       0 |   0.0 |      17 |       0 |   0.0
        D:2 |      81 |       2 |   2.4 |      18 |       1 |   5.3
        D:3 |      82 |      40 |  32.8 |      25 |      14 |  35.9
        D:4 |     497 |     172 |  25.7 |      25 |       1 |   3.8
        D:5 |     935 |     116 |  11.0 |      23 |      13 |  36.1
        D:6 |     564 |     416 |  42.4 |      13 |       3 |  18.8
        D:7 |    1508 |    1096 |  42.1 |      30 |       4 |  11.8
        D:8 |    1889 |     455 |  19.4 |      44 |       1 |   2.2
        D:9 |     711 |     792 |  52.7 |      20 |      16 |  44.4
       D:10 |    5161 |    3387 |  39.6 |      41 |      17 |  29.3
     Lair:1 |    1742 |    3104 |  64.1 |      12 |      11 |  47.8
     Lair:2 |    3462 |    1598 |  31.6 |      18 |      11 |  37.9
     Lair:3 |    6783 |     986 |  12.7 |      27 |       1 |   3.6
     Lair:4 |    7858 |    4975 |  38.8 |      27 |      11 |  28.9
     Lair:5 |    1791 |     402 |  18.3 |       9 |       2 |  18.2
     Lair:6 |    4351 |       0 |   0.0 |      13 |       0 |   0.0
    Volcano |       0 |    4575 | 100.0 |       0 |      18 | 100.0
   Gauntlet |       0 |    3820 | 100.0 |       0 |      17 | 100.0
            +---------+---------+-------+---------+---------+-------
